 Dungeon Sprint DCSS version 0.17-a0-1923-gc35365e (webtiles) character file.

56686 Kidiri the Unseen (level 13, -13/55 HPs)
             Began as a Spriggan Enchanter on Sept 28, 2015.
             Was the Champion of Dithmenos.
             Mangled by a dire elephant (24 damage)
             ... in the Dungeon (Sprint III: "The Ten Rune Challenge").
             The game lasted 00:18:02 (4105 turns).

Kidiri the Unseen (Spriggan Enchanter)              Turns: 4105, Time: 00:18:02

Health: -13/55     AC:  5    Str:  4    XL:     13   Next: 11%
Magic:  7/31       EV: 35    Int: 19    God:    Dithmenos [******]
Gold:   50         SH:  2    Dex: 19    Spells: 8 memorised, 24 levels left

rFire  . . .     SeeInvis +     a - +1 dagger
rCold  . . .     Clarity  .     b - +1 robe
rNeg   . . .     SustAt   .     (shield restricted)
rPois  +         Gourm    .     (helmet restricted)
rElec  .         Spirit   .     (no cloak)
rCorr  .         Warding  .     (gloves unavailable)
rMut   .         NoTele   +     (boots unavailable)
MR     +++..                    (no amulet)
Stlth  ++++++++++               (no ring)
                                (no ring)

@: wreathed by umbra, very quick, extremely resistant to hostile enchantments,
uncannily stealthy
A: unfitting armour, hooves 1, large bone plates 1, see invisible, herbivore 3,
speed 3, low mp 1, magic resistance 1, poison resistance, slow metabolism 2
a: Shadow Step, Shadow Form, Renounce Religion
}: 2/10 runes: serpentine, barnacled


You were in the Dungeon.
You worshipped Dithmenos.
Dithmenos was exalted by your worship.
You were not hungry.

You visited 1 branch You collected 50 gold pieces.

Inventory:

Hand weapons
 a - a +1 dagger (weapon)
Armour
 b - a +1 robe (worn)
Scrolls
 j - a scroll of blinking
 l - a scroll of holy word
 m - a scroll of identify
 n - 4 scrolls of remove curse
Potions
 g - a potion of haste
 h - 2 potions of magic
 p - 5 potions of cure mutation
 q - 4 potions of flight
Comestibles
 c - 4 fruits
 d - a bread ration
 o - 28 royal jellies


   Skills:
 * Level 15.4 Short Blades
 * Level 19.2 Dodging
 * Level 20.6 Stealth
 * Level 16.6 Spellcasting
 + Level 7.7 Conjurations
 + Level 12.8 Hexes
 + Level 13.0 Translocations
 + Level 8.6 Ice Magic
 - Level 6.6 Invocations


You had 24 spell levels left.
You knew the following spells:

 Your Spells              Type           Power        Failure   Level  Hunger
a - Corona                Hex            ######.      1%          1    None
b - Ensorcelled Hibernat  Hex/Ice        ######       1%          2    None
c - Confuse               Hex            ######..     1%          3    None
d - Tukima's Dance        Hex            ######..     1%          3    None
e - Dazzling Spray        Conj/Hex       ######..     1%          3    None
f - Slow                  Hex            ######..     1%          2    None
g - Gell's Gravitas       Hex/Tloc       ######....   1%          3    None
h - Cause Fear            Hex            ######....   1%          4    None


Dungeon Overview and Level Annotations

Branches:
Dungeon (1/1)

Altars:
Cheibriados
Dithmenos
Elyvilon
Fedhas
Gozag
Kikubaaqudgha
Makhleb
Nemelex Xobeh
Okawaru
Qazlal
Ru
Sif Muna
Trog
Vehumet
Xom
Yredelemnul
Zin
The Shining One
Jiyva
Lugonu

Shops:
D :?([:?

Annotations:
D Gastronok


Innate Abilities, Weirdness & Mutations

You are tiny and cannot use many weapons and most armour.
You have supernaturally acute eyesight.
You are a herbivore.
You cover ground extremely quickly.
You need consume almost no food.
You have large cloven feet.
You are partially covered in large bone plates (AC +2, SH +2).
Your magical capacity is low (-10% MP).
You are resistant to hostile enchantments.
Your system is resistant to poisons.


Message History

Your shadow mimicks your spell!
The shadow shard hits the dire elephant.
Casting: Dazzling Spray
Confirm with . or Enter, or press ? or * to list all spells.
Aiming: Dazzling Spray
Press: ? - help, Shift-Dir - straight line, f/p - dire elephant
Aim: a dire elephant (moderately wounded, umbra)
The spray of energy hits the dire elephant.
The dire elephant is moderately wounded.
Your shadow mimicks your spell!
The shadow shard hits the dire elephant.
You hit the dire elephant but do no damage.
The dire elephant is moderately wounded.
The dire elephant closely misses you. x2
You open the door.
Gastronok waves his eye-stalks in wide circles.
The air twists around and strikes you!
* * * LOW HITPOINT WARNING * * *
The dire elephant tramples you!!
You die...

#..# #..#####....#___#_.+...#.#§
▓▓▓▓▓▓▓▓▓▓▓▓▓▓▓▓▓▓▓▓▓▓▓▓▓▓▓▓▓▓▓▓
▓...+≈≈≈≈≈.≈≈≈♣♣.....♣♣♣♣≈≈≈....
▓..P#≈.≈§≈§.≈.♣♣.≈≈≈≈+♣♣'♣≈≈≈≈≈≈
▓YPP#≈≈≈§§§§≈≈.÷%..%%#.≈♣♣♣♣♣♣♣♣
▓..Y#≈≈§§§§§≈≈♣♣♣♣♣♣♣#..♣♣
▓Y§§#≈≈≈≈≈§≈≈.♣ ###+♣♣♣♣♣♣♣
▓##'####+#######♣ ♣♣♣♣.##..##≈
▓.§Y§w..w...).Y@♣♣ ♣...##.##.#≈
▓#+#############'♣ ♣♣.##.##.##+
...#≈...........♣ ♣..#.##...#
▓...+≈≈...########♣♣ ♣♣.##.##.)#
▓JJ.#≈≈≈...........♣ ♣♣.##.#####
▓JJ.#≈≈≈≈..........♣ ♣.....##...
#+#############+#############+##
#...........##▓...
#............#▓≈≈.


You could see Gastronok and a dire elephant.

Vanquished Creatures
  Rupert (D)
  A kraken (D)
  A greater naga (D)
  Maud (D)
  A dire elephant (D)
  Snorg (D)
  A naga warrior (D)
  2 hydras (D)
  2 anacondas (D)
  A centaur warrior (D)
  2 alligator snapping turtles (D)
  4 death yaks (D)
  A death drake (D)
  A spriggan druid (D)
  A lindwurm (D)
  An unseen horror (D)
  A guardian serpent (D)
  9 black mambas (D)
  A komodo dragon (D)
  2 spiny frogs (D)
  A fire drake (D)
  A queen bee (D)
  A deep elf priest (D)
  8 blink frogs (D)
  3 wandering mushrooms (D)
  4 snapping turtles (D)
  3 redbacks (D)
  2 spriggans (D)
  A shadow (D)
  A spatial vortex (D)
  2 nagas (D)
  A water moccasin (D)
  A swamp drake (D)
  A necrophage (D)
  2 centaurs (D)
  An earth elemental (D)
  2 brain worms (D)
  A water elemental (D)
  32 killer bees (D)
  A jelly (D)
  Jessica (D)
  A necromancer (D)
  A wizard (D)
  A kobold demonologist (D)
  3 humans (D)
  5 adders (D)
  2 oozes (D)
  A phantom (D)
  A rat (D)
  A fungus (D)
  A plant (D)
122 creatures vanquished.

Vanquished Creatures (others)
  2 draconian scorchers (D)
  3 yaktaurs (D)
  An electric eel (D)
  A fungus (D)
  8 plants (D)
  15 tentacles (D)
  162 tentacle segments (D)
192 creatures vanquished.

Grand Total: 314 creatures vanquished

Notes
Turn   | Place    | Note
--------------------------------------------------------------
     0 | D        | Kidiri the Spriggan Enchanter began the quest for the Orb.
     0 | D        | Reached XP level 1. HP: 9/9 MP: 5/5
     9 | D        | Reached skill level 5 in Stealth
    11 | D        | Reached XP level 2. HP: 13/13 MP: 7/7
    15 | D        | Learned a level 2 spell: Ensorcelled Hibernation
    27 | D        | Noticed Jessica
    36 | D        | Killed Jessica
    36 | D        | Reached skill level 5 in Dodging
    36 | D        | Reached skill level 6 in Stealth
    36 | D        | Reached skill level 1 in Ice Magic
    36 | D        | Reached XP level 3. HP: 16/16 MP: 3/9
    71 | D        | Learned a level 3 spell: Confuse
    75 | D        | Learned a level 3 spell: Tukima's Dance
   110 | D        | Killed a yaktaur
   167 | D        | Gained mutation: You have large cloven feet. [potion of mutation]
   167 | D        | Gained mutation: You are partially covered in large bone plates (AC +2, SH +2). [potion of mutation]
   167 | D        | Gained mutation: Your system is resistant to poisons. [potion of mutation]
   168 | D        | Gained mutation: You are resistant to hostile enchantments. [potion of mutation]
   168 | D        | Gained mutation: Your magical capacity is low (-10% MP). [potion of mutation]
   249 | D        | Killed a white draconian scorcher
   304 | D        | Killed a white draconian scorcher
   419 | D        | Noticed a water elemental
   432 | D        | Killed a water elemental
   432 | D        | Reached skill level 7 in Stealth
   432 | D        | Reached skill level 5 in Spellcasting
   432 | D        | Reached skill level 5 in Hexes
   432 | D        | Reached XP level 4. HP: 21/21 MP: 11/11
   441 | D        | Learned a level 3 spell: Dazzling Spray
   466 | D        | Noticed a jelly
   467 | D        | Noticed a shadow
   469 | D        | Killed a shadow
   469 | D        | Reached skill level 8 in Dodging
   469 | D        | Reached skill level 9 in Stealth
   469 | D        | Reached skill level 1 in Conjurations
   469 | D        | Reached XP level 5. HP: 24/24 MP: 11/13
   473 | D        | Killed a jelly
   473 | D        | Reached XP level 6. HP: 28/28 MP: 9/15
   515 | D        | Found a stormy altar of Qazlal.
   516 | D        | Found a sacrificial altar of Ru.
   516 | D        | Found a burning altar of Makhleb.
   516 | D        | Found a viscous altar of Jiyva.
   516 | D        | Found a shimmering altar of Xom.
   516 | D        | Found a shadowy altar of Dithmenos.
   516 | D        | Found a sparkling altar of Nemelex Xobeh.
   516 | D        | Found a corrupted altar of Lugonu.
   516 | D        | Found an opulent altar of Gozag.
   516 | D        | Noticed a spatial vortex
   519 | D        | Killed a spatial vortex
   519 | D        | Reached skill level 10 in Stealth
   521 | D        | Became a worshipper of Dithmenos the Shadowed
   526 | D        | Killed a yaktaur
   546 | D        | Found a radiant altar of Vehumet.
   547 | D        | Found a deep blue altar of Sif Muna.
   547 | D        | Found an ancient bone altar of Kikubaaqudgha.
   547 | D        | Noticed a wizard
   548 | D        | Killed a wizard
   560 | D        | Learned a level 2 spell: Slow
   564 | D        | Learned a level 3 spell: Gell's Gravitas
   569 | D        | Learned a level 4 spell: Cause Fear
   582 | D        | Found a glowing silver altar of Zin.
   583 | D        | Found a glowing golden altar of the Shining One.
   583 | D        | Found a white marble altar of Elyvilon.
   583 | D        | Noticed a deep elf priest
   585 | D        | Killed a deep elf priest
   585 | D        | Reached skill level 10 in Dodging
   585 | D        | Reached skill level 11 in Stealth
   585 | D        | Reached skill level 1 in Invocations
   585 | D        | Reached XP level 7. HP: 32/32 MP: 18/18
   596 | D        | Found an iron altar of Okawaru.
   597 | D        | Found a bloodstained altar of Trog.
   597 | D        | Noticed a human
   597 | D        | Noticed a human
   604 | D        | Killed a human
   616 | D        | Killed a human
   743 | D        | Found a basalt altar of Yredelemnul.
   743 | D        | Found a snail-covered altar of Cheibriados.
   743 | D        | Found a blossoming altar of Fedhas.
   743 | D        | Noticed a necrophage
   743 | D        | Noticed a necromancer
   757 | D        | Killed a necrophage
   757 | D        | Acquired Dithmenos's first power
   757 | D        | Reached skill level 12 in Stealth
   757 | D        | Reached XP level 8. HP: 23/36 MP: 4/20
   763 | D        | Killed a necromancer
   889 | D        | Noticed Snorg
   911 | D        | Killed Snorg
   911 | D        | Reached skill level 13 in Stealth
   911 | D        | Reached skill level 10 in Spellcasting
   911 | D        | Reached skill level 5 in Translocations
   975 | D        | Killed a yaktaur
   978 | D        | Noticed an earth elemental
   981 | D        | Killed an earth elemental
   986 | D        | Noticed a centaur
   986 | D        | Noticed a centaur warrior
   986 | D        | Noticed a centaur
   988 | D        | Killed a centaur
   988 | D        | Reached XP level 9. HP: 39/39 MP: 22/22
   990 | D        | Killed a centaur warrior
   990 | D        | Acquired Dithmenos's second power
   990 | D        | Reached skill level 10 in Short Blades
   990 | D        | Reached skill level 5 in Ice Magic
   992 | D        | Killed a centaur
   992 | D        | Reached skill level 14 in Stealth
  1010 | D        | Noticed an unseen horror
  1014 | D        | Killed an unseen horror
  1028 | D        | Noticed a killer bee
  1028 | D        | Noticed a killer bee
  1028 | D        | Noticed a killer bee
  1028 | D        | Noticed a killer bee
  1028 | D        | Noticed a killer bee
  1028 | D        | Noticed a killer bee
  1028 | D        | Noticed a killer bee
  1028 | D        | Noticed a killer bee
  1028 | D        | Noticed a killer bee
  1028 | D        | Noticed a killer bee
  1028 | D        | Noticed a queen bee
  1028 | D        | Noticed a killer bee
  1028 | D        | Noticed a killer bee
  1028 | D        | Noticed a killer bee
  1028 | D        | Noticed a killer bee
  1029 | D        | Noticed a killer bee
  1029 | D        | Noticed a killer bee
  1029 | D        | Noticed a killer bee
  1029 | D        | Noticed a killer bee
  1029 | D        | Noticed a killer bee
  1029 | D        | Noticed a killer bee
  1029 | D        | Noticed a killer bee
  1029 | D        | Noticed a killer bee
  1029 | D        | Noticed a killer bee
  1029 | D        | Noticed a killer bee
  1029 | D        | Noticed a killer bee
  1029 | D        | Noticed a killer bee
  1029 | D        | Noticed a killer bee
  1029 | D        | Noticed a killer bee
  1029 | D        | Noticed a killer bee
  1029 | D        | Noticed a killer bee
  1029 | D        | Noticed a killer bee
  1029 | D        | Noticed a killer bee
  1030 | D        | Killed a killer bee
  1031 | D        | Killed a killer bee
  1034 | D        | Killed a killer bee
  1034 | D        | Acquired Dithmenos's third power
  1035 | D        | Killed a killer bee
  1036 | D        | Killed a killer bee
  1036 | D        | Reached skill level 5 in Invocations
  1036 | D        | Killed a killer bee
  1036 | D        | Killed a killer bee
  1037 | D        | Killed a killer bee
  1037 | D        | Killed a killer bee
  1037 | D        | Acquired Dithmenos's fourth power
  1038 | D        | Killed a killer bee
  1039 | D        | Killed a killer bee
  1039 | D        | Killed a killer bee
  1039 | D        | Killed a killer bee
  1040 | D        | Killed a killer bee
  1041 | D        | Killed a killer bee
  1172 | D        | Killed a killer bee
  1175 | D        | Killed a killer bee
  1175 | D        | Reached XP level 10. HP: 44/44 MP: 17/24
  1176 | D        | Killed a killer bee
  1178 | D        | Killed a killer bee
  1179 | D        | Killed a killer bee
  1180 | D        | Killed a killer bee
  1180 | D        | Killed a killer bee
  1183 | D        | Killed a killer bee
  1316 | D        | Killed a killer bee
  1318 | D        | Killed a killer bee
  1321 | D        | Killed a killer bee
  1324 | D        | Killed a killer bee
  1326 | D        | Killed a killer bee
  1330 | D        | Killed a killer bee
  1332 | D        | Killed a killer bee
  1334 | D        | Killed a killer bee
  1334 | D        | Reached skill level 15 in Stealth
  1336 | D        | Killed a queen bee
  1338 | D        | Killed a killer bee
  1417 | D        | Noticed a wandering mushroom
  1418 | D        | Noticed a wandering mushroom
  1418 | D        | Noticed a wandering mushroom
  1419 | D        | Killed a wandering mushroom
  1422 | D        | Killed a wandering mushroom
  1424 | D        | Killed an electric eel
  1428 | D        | Killed a wandering mushroom
  1428 | D        | Reached skill level 5 in Conjurations
  1549 | D        | Noticed a spiny frog
  1549 | D        | Noticed a komodo dragon
  1549 | D        | Noticed a spiny frog
  1553 | D        | Killed a spiny frog
  1555 | D        | Killed a spiny frog
  1556 | D        | Killed a komodo dragon
  1562 | D        | Noticed a redback
  1564 | D        | Killed a redback
  1565 | D        | Noticed a brain worm
  1569 | D        | Killed a brain worm
  1573 | D        | Noticed a brain worm
  1576 | D        | Killed a brain worm
  1582 | D        | Noticed a lindwurm
  1584 | D        | Noticed a redback
  1585 | D        | Killed a lindwurm
  1585 | D        | Reached skill level 15 in Dodging
  1585 | D        | Reached skill level 16 in Stealth
  1587 | D        | Killed a redback
  1592 | D        | Noticed a redback
  1593 | D        | Killed a redback
  1594 | D        | Noticed Maud
  1596 | D        | Killed Maud
  1596 | D        | Reached skill level 10 in Hexes
  1596 | D        | Reached XP level 11. HP: 47/47 MP: 26/26
  1600 | D        | Noticed a four-headed hydra
  1600 | D        | Noticed a seven-headed hydra
  1602 | D        | Killed a four-headed hydra
  1603 | D        | Killed a seven-headed hydra
  1616 | D        | Noticed a death drake
  1619 | D        | Killed a death drake
  1619 | D        | Reached skill level 17 in Stealth
  1626 | D        | Found a blossoming altar of Fedhas.
  1626 | D        | Noticed a spriggan
  1626 | D        | Noticed a spriggan druid
  1626 | D        | Noticed a spriggan
  1628 | D        | Killed a spriggan druid
  1628 | D        | Reached skill level 10 in Translocations
  1629 | D        | Killed a spriggan
  1630 | D        | Killed a spriggan
  1658 | D        | Noticed a kraken
  1660 | D        | Noticed a snapping turtle
  1791 | D        | Killed a snapping turtle
  1978 | D        | Killed a kraken
  2200 | D        | Noticed a snapping turtle
  2200 | D        | Noticed an alligator snapping turtle
  2201 | D        | Noticed a snapping turtle
  2201 | D        | Noticed an alligator snapping turtle
  2201 | D        | Noticed a snapping turtle
  2201 | D        | Found Maug's Magic Scroll Boutique.
  2201 | D        | Found Wakhlunod's Book Shop.
  2201 | D        | Found Uzxoukk's Antique Armour Emporium.
  2202 | D        | Killed an alligator snapping turtle
  2204 | D        | Killed a snapping turtle
  2204 | D        | Reached skill level 18 in Stealth
  2364 | D        | Killed a snapping turtle
  2374 | D        | Killed a snapping turtle
  2474 | D        | Killed an alligator snapping turtle
  2488 | D        | Got a barnacled rune of Zot
  2543 | D        | Noticed a swamp drake
  2543 | D        | Noticed a fire drake
  2544 | D        | Killed a fire drake
  2546 | D        | Killed a swamp drake
  2554 | D        | Noticed a blink frog
  2554 | D        | Noticed a blink frog
  2555 | D        | Noticed a blink frog
  2555 | D        | Noticed a blink frog
  2558 | D        | Killed a blink frog
  2562 | D        | Killed a blink frog
  2562 | D        | Reached XP level 12. HP: 51/51 MP: 18/28
  2608 | D        | Killed a blink frog
  2618 | D        | Noticed a blink frog
  2625 | D        | Killed a blink frog
  2626 | D        | Killed a blink frog
  2681 | D        | Noticed Rupert
  2683 | D        | Killed Rupert
  2683 | D        | Reached skill level 15 in Spellcasting
  2725 | D        | Noticed a death yak
  2726 | D        | Noticed a death yak
  2726 | D        | Noticed a blink frog
  2729 | D        | Noticed a death yak
  2729 | D        | Noticed a blink frog
  2730 | D        | Noticed a blink frog
  2730 | D        | Killed a blink frog
  2733 | D        | Noticed a death yak
  2734 | D        | Killed a blink frog
  2734 | D        | Reached skill level 19 in Stealth
  2737 | D        | Killed a blink frog
  2878 | D        | Noticed an azure jelly
  2878 | D        | Noticed an azure jelly
  2880 | D        | Noticed a black mamba
  2894 | D        | Killed a death yak
  3083 | D        | Killed a death yak
  3238 | D        | Noticed a black mamba
  3249 | D        | Killed a death yak
  3462 | D        | Killed a death yak
  3466 | D        | Killed a black mamba
  3468 | D        | Killed a black mamba
  3556 | D        | Noticed an anaconda
  3568 | D        | Killed an anaconda
  3577 | D        | Noticed a black mamba
  3577 | D        | Noticed a black mamba
  3577 | D        | Noticed a black mamba
  3579 | D        | Killed a black mamba
  3580 | D        | Noticed a black mamba
  3583 | D        | Killed a black mamba
  3587 | D        | Killed a black mamba
  3591 | D        | Killed a black mamba
  3675 | D        | Noticed a black mamba
  3675 | D        | Noticed a water moccasin
  3675 | D        | Noticed an anaconda
  3675 | D        | Noticed a black mamba
  3675 | D        | Noticed a black mamba
  3676 | D        | Killed a black mamba
  3678 | D        | Killed a water moccasin
  3680 | D        | Killed an anaconda
  3680 | D        | Reached skill level 20 in Stealth
  3683 | D        | Killed a black mamba
  3683 | D        | Reached skill level 15 in Short Blades
  3684 | D        | Killed a black mamba
  3708 | D        | Noticed a naga
  3708 | D        | Noticed a naga
  3709 | D        | Noticed a naga warrior
  3709 | D        | Noticed a greater naga
  3709 | D        | Found Akhinoa's Book Boutique.
  3709 | D        | Found Oceqaf's Magic Scroll Emporium.
  3709 | D        | Found Serghicw's Antique Weapon Shop.
  3710 | D        | Killed a naga
  3711 | D        | Killed a naga
  3713 | D        | Killed a naga warrior
  3965 | D        | Killed a greater naga
  3965 | D        | Reached XP level 13. HP: 55/55 MP: 18/31
  3981 | D        | Noticed a guardian serpent
  3983 | D        | Killed a guardian serpent
  3987 | D        | Got a serpentine rune of Zot
  4078 | D        | Noticed an azure jelly
  4078 | D        | Noticed an azure jelly
  4079 | D        | Noticed an elephant
  4079 | D        | Noticed an elephant
  4079 | D        | Noticed a dire elephant
  4079 | D        | Noticed a dire elephant
  4079 | D        | Noticed Gastronok
  4092 | D        | Killed a dire elephant
  4105 | D        | Mangled by a dire elephant

Vault maps used:
D:        dungeon_sprint_mu

Action                   |  1- 3 |  4- 6 |  7- 9 | 10-12 | 13-15 || total
-------------------------+-------+-------+-------+-------+-------++-------
Melee: Dagger            |    16 |     6 |    46 |   154 |     4 ||   226
 Cast: Ensorcelled Hiber |     3 |     1 |     3 |    34 |       ||    41
       Confuse           |     1 |       |     5 |     1 |       ||     7
       Corona            |     1 |       |       |       |       ||     1
       Dazzling Spray    |       |       |     6 |    62 |     7 ||    75
       Gell's Gravitas   |       |       |     8 |    11 |     2 ||    21
       Tukima's Dance    |       |       |       |     1 |       ||     1
       Cause Fear        |       |       |       |       |     1 ||     1
Invok: Shadow Step       |       |       |       |     8 |     1 ||     9
  Use: Potion            |     3 |       |     1 |       |     1 ||     5
       Scroll            |     3 |       |       |       |       ||     3
 Stab: Sleeping          |     5 |     6 |     9 |    55 |     1 ||    76
       Invisible         |       |       |     3 |     4 |     2 ||     9
       Confused          |       |       |     2 |     1 |       ||     3
  Eat: Fruit             |       |       |       |     2 |       ||     2
